 Dungeon Sprint DCSS version 0.29.1-1-gd02db6906a (console) character file.

Game seed: 18445176510059063412

43287 erker the Executioner (level 13, -13/211 HPs)
             Began as a Minotaur Berserker on Oct 13, 2022.
             Was the Champion of Trog.
             Succumbed to a death drake's dark miasma
             ... in the Dungeon (Sprint III: "The Ten Rune Challenge").
             The game lasted 00:20:18 (5167 turns).

erker the Executioner (Minotaur Berserker)          Turns: 5167, Time: 00:20:18

Health: -13/211    AC: 17    Str: 27    XL:     13   Next: 19%
Magic:  12/12      EV: 15    Int:  4    God:    Trog [******]
Gold:   1748       SH:  0    Dex: 10    Spells: 12/12 levels left

rFire   . . .      SeeInvis .   a - +2 executioner's axe (flame)
rCold   . . .      Faith    .   (shield currently unavailable)
rNeg    . . .      Spirit   .   q - +0 chain mail
rPois   .          Reflect  .   s - +2 hat {Stlth+}
rElec   .          Harm     .   (no cloak)
rCorr   .          Rampage  .   (no gloves)
Will    .....      NoTele   +   (no boots)
Stlth   ..........              (no amulet)
HPRegen 0.45/turn               (no ring)
MPRegen 0.13/turn               (no ring)

@: berserking, lethally poisoned (-13 -> -108), slowed
A: horns 2, retaliatory headbutt
}: 1/10 runes: serpentine
a: Renounce Religion, Berserk, Trog's Hand, Brothers in Arms


You were in the Dungeon.
You worshipped Trog.
Trog was exalted by your worship.
You visited 1 branch You collected 1781 gold pieces.
You spent 33 gold pieces at shops.

Inventory:

Hand Weapons
 a - a +2 executioner's axe of flaming (weapon)
 b - a +2 antimagic executioner's axe
 e - a +4 battleaxe
 p - a +5 broad axe
 t - a +2 scimitar of flaming
Armour
 o - a +1 ring mail of cold resistance
 q - a +0 chain mail (worn)
 s - a +2 hat of stealth (worn)
Scrolls
 h - a scroll of blinking
 j - a scroll of immolation {unknown}
 k - 2 scrolls of identify {unknown}
 m - 2 scrolls of torment {unknown}
Potions
 c - 4 potions of curing
 d - 3 potions of heal wounds
 f - 2 potions of magic
 g - a potion of berserk rage
 i - 4 potions of mutation {unknown}
 l - a potion of brilliance {unknown}
 n - a potion of flight
 r - a potion of lignification {unknown}
 u - a potion of attraction


   Skills:
 + Level 20.6 Fighting
 + Level 23.2 Axes
 + Level 20.2 Armour
 + Level 18.8 Dodging


You had 12 spell levels left.
You didn't know any spells.
Your spell library was empty.

Dungeon Overview and Level Annotations

Branches:
Dungeon (1/1)

Altars:
Cheibriados
Dithmenos
Elyvilon
Fedhas
Gozag
Hepliaklqana
Kikubaaqudgha
Makhleb
Nemelex Xobeh
Okawaru
Qazlal
Ru
Sif Muna
Trog
Uskayaw
Vehumet
Wu Jian
Xom
Yredelemnul
Zin
The Shining One
Jiyva
Lugonu

Shops:
D :!(!


Innate Abilities, Weirdness & Mutations

You have a pair of horns on your head.
You reflexively headbutt those who attack you in melee.


Message History

The foul vapour engulfs you but does no damage.
You closely miss the death drake.
The death drake is moderately wounded.
You are engulfed in dark miasma.
You are more poisoned.
You feel yourself slow down.
You feel extremely sick. The death drake barely misses you.
You furiously retaliate!
You headbutt the death drake. You slice the death drake!!
You burn the death drake. You headbutt the death drake!
The death drake is severely wounded.
You are engulfed in dark miasma.
You are more poisoned.
You feel as though you will be slow longer.
You feel extremely sick. The death drake breathes miasma at you.
The foul vapour engulfs you.
You are more poisoned.
You closely miss the death drake. Your headbutt misses the death drake.
The death drake is severely wounded.
You are engulfed in dark miasma.
You are lethally poisoned!
You feel extremely sick.
The death drake misses you. x2; You furiously retaliate!
You headbutt the death drake, but do no damage.
You hit the death drake but do no damage.
The death drake is severely wounded.
You are engulfed in dark miasma.
You are more poisoned.
* * * LOW HITPOINT WARNING * * *
You feel extremely sick. The death drake breathes miasma at you.
The foul vapour misses you. The death drake barely misses you.
A red film seems to cover your vision as you go berserk!
You feel yourself moving faster!
You feel mighty!
You are engulfed in dark miasma.
You are more poisoned.
You feel as though you will be slow longer.
* * * LOW HITPOINT WARNING * * *
You die...

♣♣♣♣♣#..♣♣ ♣♣♣##+####
###†♣♣♣♣♣♣♣♣♣♣♣♣♣♣♣ ♣
♣♣♣♣.##..##~~~~~≈..#
♣♣
♣...##.##)#~~~~≈...#
'♣
♣♣.##.##.##'~~~≈≈####+
.♣
♣..#†##.)†#†~...☼○○○☼
##♣♣
♣♣.##.##..#°°.+######
...♣ ♣♣†##.#####°°°#
...♣ ♣.....##.°k@°°#
#############+######
..........##
...........#
#########..#
...........#
..........##
.##########
..........##


You could see a death drake (catching breath).

Vanquished Creatures
  Rupert (D)
  A nagaraja (D)
  3 azure jellies (D)
  2 dire elephants (D)
  2 hydras (D)
  6 anacondas (D)
  A naga warrior (D)
  Erica (D)
  A centaur warrior (D)
  2 death yaks (D)
  Urug (D)
  A deep elf knight (D)
  A lindwurm (D)
  4 deep elf pyromancers (D)
  A deep elf zephyrmancer (D)
  A guardian serpent (D)
  7 black mambas (D)
  2 cane toads (D)
  2 unseen horrors (D)
  A rime drake (D)
  A komodo dragon (D)
  2 tyrant leeches (D)
  7 blink frogs (D)
  A shadow (D)
  3 redbacks (D)
  2 nagas (D)
  4 water moccasins (D)
  A spatial vortex (D)
  A swamp drake (D)
  2 orc warriors (D)
  2 centaurs (D)
  An earth elemental (D)
  A necrophage (D)
  A water elemental (D)
  An electric eel (D)
  A jelly (D)
  5 orc priests (D)
  A necromancer (D)
  A wizard (D)
  3 humans (D)
  A kobold demonologist (D)
  A wolf (D)
  2 adders (D)
  3 wandering mushrooms (D)
  11 orcs (D)
  An endoplasm (D)
  3 rats (D)
104 creatures vanquished.

Vanquished Creatures (collateral kills)
  Gastronok (D)
  An azure jelly (D)
  2 death yaks (D)
  2 elephants (D)
  A blink frog (D)
7 creatures vanquished.

Vanquished Creatures (others)
  8 plants (D)
8 creatures vanquished.

Grand Total: 119 creatures vanquished

Notes
Turn   | Place    | Note
-------+----------+-------------------------------------------
     0 | D        | erker the Minotaur Berserker began the quest for the Orb.
     0 | D        | Reached XP level 1. HP: 19/19 MP: 0/0
     7 | D        | Reached skill level 4 in Axes
    76 | D        | Reached ** piety under Trog
   103 | D        | Noticed a wolf
   109 | D        | Killed a wolf
   110 | D        | Reached skill level 5 in Fighting
   110 | D        | Reached skill level 5 in Axes
   110 | D        | Reached XP level 2. HP: 29/29 MP: 1/1
   112 | D        | Reached skill level 6 in Axes
   112 | D        | Reached XP level 3. HP: 36/36 MP: 2/2
   194 | D        | Noticed a water elemental
   200 | D        | Killed a water elemental
   200 | D        | Reached *** piety under Trog
   201 | D        | Reached skill level 7 in Axes
   201 | D        | Reached XP level 4. HP: 45/45 MP: 3/3
   239 | D        | Found a glowing silver altar of Zin.
   245 | D        | Found a glowing golden altar of the Shining One.
   245 | D        | Found a white marble altar of Elyvilon.
   245 | D        | Noticed a deep elf pyromancer
   265 | D        | Noticed a fire elemental
   265 | D        | Killed a deep elf pyromancer
   266 | D        | Reached skill level 11 in Axes
   266 | D        | Reached XP level 5. HP: 21/57 MP: 4/4
   266 | D        | Reached XP level 6. HP: 23/63 MP: 5/5
   266 | D        | Reached XP level 7. HP: 25/70 MP: 6/6
   482 | D        | Found a hide-covered altar of Uskayaw.
   482 | D        | Found an iron altar of Okawaru.
   482 | D        | Found a bloodstained altar of Trog.
   482 | D        | Found an ornate altar of the Wu Jian Council.
   482 | D        | Noticed a human
   483 | D        | Noticed a human
   489 | D        | Killed a human
   490 | D        | Reached skill level 12 in Axes
   502 | D        | Killed a human
   503 | D        | Reached skill level 10 in Fighting
   503 | D        | Reached skill level 13 in Axes
   732 | D        | Found a basalt altar of Yredelemnul.
   732 | D        | Found a shadowy altar of Dithmenos.
   732 | D        | Found a sacrificial altar of Ru.
   739 | D        | Reached **** piety under Trog
   863 | D        | Found a radiant altar of Vehumet.
   865 | D        | Found a shimmering blue altar of Sif Muna.
   865 | D        | Found an ancient bone altar of Kikubaaqudgha.
   926 | D        | Noticed a shadow
   929 | D        | Killed a shadow
   929 | D        | Reached ***** piety under Trog
   930 | D        | Reached XP level 8. HP: 80/80 MP: 7/7
   931 | D        | Received a gift from Trog
   957 | D        | Found a blossoming altar of Fedhas.
   957 | D        | Found a stormy altar of Qazlal.
   957 | D        | Found a snail-covered altar of Cheibriados.
   957 | D        | Found a burning altar of Makhleb.
   957 | D        | Found a shimmering altar of Xom.
   958 | D        | Found a hazy altar of Hepliaklqana.
   958 | D        | Found an opulent altar of Gozag.
   958 | D        | Found a sparkling altar of Nemelex Xobeh.
   958 | D        | Found a corrupted altar of Lugonu.
   958 | D        | Found a viscous altar of Jiyva.
   974 | D        | Reached skill level 14 in Axes
   988 | D        | Noticed Erica
   997 | D        | Killed Erica
   998 | D        | Reached skill level 15 in Axes
   998 | D        | Reached skill level 10 in Armour
  1345 | D        | Reached skill level 10 in Dodging
  1630 | D        | Reached XP level 9. HP: 56/90 MP: 8/8
  1653 | D        | Received a gift from Trog
  1758 | D        | Found Laemn's Distillery.
  1762 | D        | Received a gift from Trog
  1823 | D        | Noticed a centaur warrior
  1830 | D        | Reached skill level 16 in Axes
  1832 | D        | Killed a centaur warrior
  1912 | D        | Killed an unseen horror
  1913 | D        | Reached skill level 17 in Axes
  1917 | D        | Killed an unseen horror
  2187 | D        | Noticed a deep elf pyromancer
  2187 | D        | Noticed a deep elf pyromancer
  2187 | D        | Noticed a deep elf zephyrmancer
  2187 | D        | Noticed a deep elf pyromancer
  2187 | D        | Noticed a deep elf knight
  2195 | D        | Killed a deep elf pyromancer
  2195 | D        | Received a gift from Trog
  2196 | D        | Reached XP level 10. HP: 101/101 MP: 9/9
  2196 | D        | Killed a deep elf pyromancer
  2197 | D        | Noticed a deep elf demonologist
  2198 | D        | Noticed a deep elf zephyrmancer
  2201 | D        | Killed a deep elf zephyrmancer
  2201 | D        | Reached ****** piety under Trog
  2203 | D        | Killed a deep elf knight
  2204 | D        | Reached skill level 18 in Axes
  2205 | D        | Killed a deep elf pyromancer
  2205 | D        | Received a gift from Trog
  2260 | D        | Identified the +8 dagger "Demonslayer" {vorpal, Str+4}
  2260 | D        | Identified the ring of Zaorywk {Contam rN+++ EV+4 Str-5
                  | Stlth+}
  2260 | D        | Noticed a deep elf high priest
  2260 | D        | Noticed a deep elf annihilator
  2260 | D        | Noticed a deep elf high priest
  2261 | D        | Noticed a sun demon
  2575 | D        | Noticed a deep elf master archer
  2867 | D        | Noticed a cane toad
  2867 | D        | Noticed a cane toad
  2870 | D        | Killed a cane toad
  2873 | D        | Killed a cane toad
  2876 | D        | Reached skill level 15 in Fighting
  2898 | D        | Received a gift from Trog
  2920 | D        | Reached skill level 19 in Axes
  2930 | D        | Reached XP level 11. HP: 69/113 MP: 10/10
  3105 | D        | Reached skill level 15 in Armour
  3208 | D        | Noticed Rupert
  3223 | D        | HP: 2/169 [Rupert/+1 great mace of protection (30)]
  3225 | D        | Killed Rupert
  3547 | D        | Noticed an azure jelly
  3547 | D        | Noticed an azure jelly
  3547 | D        | Noticed an azure jelly
  3547 | D        | Noticed an azure jelly
  3549 | D        | Noticed a dire elephant
  3549 | D        | Noticed a dire elephant
  3549 | D        | Noticed Gastronok
  3555 | D        | Killed a dire elephant
  3558 | D        | Killed a dire elephant
  3559 | D        | Reached skill level 20 in Axes
  3561 | D        | Reached skill level 15 in Dodging
  3567 | D        | Killed Gastronok
  3567 | D        | Received a gift from Trog
  3628 | D        | Killed an azure jelly
  3631 | D        | Killed an azure jelly
  3634 | D        | Killed an azure jelly
  3637 | D        | Killed an azure jelly
  3638 | D        | Reached skill level 21 in Axes
  3638 | D        | Reached XP level 12. HP: 125/127 MP: 11/11
  3641 | D        | Noticed a death yak
  3641 | D        | Noticed a death yak
  3641 | D        | Noticed a death yak
  3644 | D        | Noticed a death yak
  3702 | D        | Killed a death yak
  3703 | D        | Killed a death yak
  3703 | D        | Killed a death yak
  3710 | D        | Received a gift from Trog
  3714 | D        | Killed a death yak
  3759 | D        | Noticed an anaconda
  3759 | D        | Noticed an anaconda
  3763 | D        | Killed an anaconda
  3766 | D        | Killed an anaconda
  3766 | D        | Received a gift from Trog
  3771 | D        | Reached skill level 22 in Axes
  3785 | D        | Noticed an anaconda
  3791 | D        | Killed an anaconda
  3952 | D        | Noticed an anaconda
  3953 | D        | Noticed an anaconda
  3961 | D        | Killed an anaconda
  3963 | D        | Killed an anaconda
  4008 | D        | Noticed an anaconda
  4026 | D        | Killed an anaconda
  4288 | D        | Noticed a naga warrior
  4289 | D        | Noticed a nagaraja
  4293 | D        | Found Ufrarro's Book Boutique.
  4293 | D        | Found Esozith's Distillery.
  4300 | D        | Killed a naga warrior
  4302 | D        | Killed a nagaraja
  4303 | D        | Reached XP level 13. HP: 89/139 MP: 4/12
  4303 | D        | Received a gift from Trog
  4304 | D        | Found Lemadd's Antique Weapon Shop.
  4334 | D        | Bought a potion of attraction for 33 gold pieces
  4587 | D        | Got a serpentine rune of Zot
  4823 | D        | Reached skill level 23 in Axes
  4936 | D        | Received a gift from Trog
  5111 | D        | Noticed Urug
  5116 | D        | Killed Urug
  5167 | D        | Succumbed to a death drake's dark miasma

Illustrated notes

Levels and vault maps discovered:
D:        dungeon_sprint_mu [sprint_mu_entry_forest, sprint_mu_temple_rooms,
          sprint_mu_d1_horrors, sprint_mu_d2_genie, sprint_mu_d3_branching,
          sprint_mu_orc_legion, sprint_mu_elf_gauntlet, sprint_mu_hive_nellie,
          sprint_mu_lair_fedhas, sprint_mu_vaults_butterflies,
          sprint_mu_slime_circle, sprint_mu_swamp_cave, sprint_mu_snake_twists,
          sprint_mu_blade_basic, sprint_mu_crypt_chambers,
          sprint_mu_tomb_spiral, sprint_mu_vestibule_basic,
          sprint_mu_gehenna_hellfire, sprint_mu_dis_giant,
          sprint_mu_tartarus_statrot, sprint_mu_cocytus_islands, sprint_mu_zot1]

Skill      XL: |  1  2  3  4  5  6  7  8  9 10 11 12 13 |
---------------+----------------------------------------+-----
Fighting       | 5 6 9 10 11 13 15 18 20 | 20.6
Axes           | 5 6 7 11 13 15 17 19 21 22 23 | 23.2
Armour         | 3 4 8 9 11 12 14 17 19 20 | 20.2
Dodging        | 3 4 7 8 10 11 13 16 18 | 18.8

Action                   |  1- 3 |  4- 6 |  7- 9 | 10-12 | 13-15 || total
-------------------------+-------+-------+-------+-------+-------++-------
Melee: Hand axe          |    16 |     9 |    34 |       |       ||    59
       Headbutt          |     3 |     2 |    14 |    33 |    12 ||    64
       Punch             |     1 |       |     1 |       |       ||     2
       Battleaxe         |       |       |    57 |    95 |       ||   152
       Executioner's axe |       |       |       |    46 |    46 ||    92
Invok: Berserk           |     2 |     1 |     8 |     8 |     2 ||    21
       Trog's Hand       |       |     1 |     2 |     5 |     1 ||     9
       Brothers in Arms  |       |       |       |     3 |       ||     3
  Use: Potion            |       |     1 |       |     1 |       ||     2
Armor: Animal skin       |     1 |       |     1 |       |       ||     2
       Ring mail         |       |       |    12 |    10 |       ||    22
       Chain mail        |       |       |       |    19 |    19 ||    38
Dodge: Dodged            |    14 |       |    36 |    92 |    23 ||   165
